 Dungeon Crawl Stone Soup version 0.27.1-1-g398f81649c (webtiles) character file.

Game seed: 6103398258997750034

396 pkoi the Carver (level 6, -3/51 HPs)
             Began as a Minotaur Gladiator on Sept 16, 2021.
             Killed from afar by an orc wizard (10 damage)
             ... with a puff of flame
             ... on level 4 of the Dungeon.
             The game lasted 00:03:09 (2742 turns).

pkoi the Carver (Minotaur Gladiator)                Turns: 2742, Time: 00:03:09

Health: -3/51      AC:  7    Str: 20    XL:     6   Next: 52%
Magic:  5/5        EV: 12    Int:  5    God:
Gold:   101        SH:  0    Dex: 12    Spells: 5/5 levels left

rFire    . . .     SeeInvis .   a - +0 long sword
rCold    . . .     Faith    .   (no shield)
rNeg     + . .     Spirit   .   b - +0 leather armour
rPois    .         Reflect  .   c - +1 hat
rElec    .         Harm     .   (no cloak)
rCorr    .         Rampage  .   f - +2 pair of gloves {Stlth+}
Will     .....                  (no boots)
Stlth    ++........             (no amulet)
HPRegen  0.17/turn              n - ring of positive energy
MPRegen  0.09/turn              (no ring)

@: no status effects
A: horns 2, retaliatory headbutt
a: no special abilities


You were on level 4 of the Dungeon.
You visited 1 branch of the dungeon, and saw 4 of its levels.

You collected 101 gold pieces.

Inventory:

Hand Weapons
 a - a +0 long sword (weapon)
 v - a +1 dagger of venom
Missiles
 d - 3 throwing nets (quivered)
 i - 4 boomerangs
 k - 5 silver javelins
 u - 18 poisoned darts
Armour
 b - a +0 leather armour (worn)
 c - a +1 hat (worn)
 f - a +2 pair of gloves of stealth (worn)
Jewellery
 n - a ring of positive energy (left hand)
 p - a ring of ice
 s - an amulet of reflection
Wands
 j - a wand of mindburst (17)
 q - a wand of flame (15)
Potions
 e - a potion of lignification
 g - a potion of might {unknown}
 h - a potion of flight
 l - 2 potions of attraction {unknown}
 m - a potion of ambrosia {unknown}
 o - a potion of haste {unknown}


   Skills:
 + Level 3.1 Fighting
 * Level 8.2 Long Blades
 - Level 2.0 Throwing
 + Level 1.5 Armour
 + Level 3.7 Dodging


You had 5 spell levels left.
You didn't know any spells.
Your spell library contained the following spells:

 Spells                   Type           Power      Damage    Failure   Level
 Tukima's Dance           Hex            0%         N/A       88%         3
 Passage of Golubria      Tloc           N/A        N/A       99%         4
 Yara's Violent Unravell  Hex/Tmut       0%         3d3       100%        5
 Chain Lightning          Conj/Air       0%         N/A       100%        9
 Fire Storm               Conj/Fire      0%         5d1       100%        9


Dungeon Overview and Level Annotations

Branches:
Dungeon (4/15)
 Temple: D:4-7

Altars:

Shops:
D:3 *


Innate Abilities, Weirdness & Mutations

You have a pair of horns on your head.
You reflexively headbutt those who attack you in melee.


Message History

You hit something. You headbutt something.
You hear some strange, mumbled words.
You are confused.
You hear some strange, mumbled words.
A magic dart appears from out of thin air!
The magic dart hits you.
* * * LOW HITPOINT WARNING * * *
Things that are here:
a +0 club; a +0 leather armour Something completely misses you.
You hear some strange, mumbled words.
Something tries to affect you, but you resist.
You bump into the rock wall.
You bump into the rock wall.
Something barely misses you.
You bump into the rock wall.
You feel less confused. Something barely misses you. Something hits you.
* * * LOW HITPOINT WARNING * * *
Things that are here:
a +0 club; a +0 leather armour You miss something.
Something hits you but does no damage.
You hit something but do no damage. Something hits you.
* * * LOW HITPOINT WARNING * * *
You barely miss something. Something hits you but does no damage.
You closely miss something. Something hits you but does no damage.
Your leather armour prevents you from hitting something.
Something hits you.
* * * LOW HITPOINT WARNING * * *
You hit something but do no damage. Something hits you but does no damage.
You hit something but do no damage. Something hits you.
* * * LOW HITPOINT WARNING * * *
You hit something. Something hits you.
* * * LOW HITPOINT WARNING * * *
Your leather armour prevents you from hitting something.
Your headbutt misses something.
You hear some strange, mumbled words.
A puff of flame appears from out of thin air!
The puff of flame hits you!
You die...

....!.......###..#
.................#
................#
................# #
................########
........................
..........#.........####
..>....)†.#.[...#####
.......@{.##...##
#.#.......##..##
#........#...#
##......##...##
#......##....##
#.......#......##
.........#.......####
.........#...........
........###..........


There were no monsters in sight!

Vanquished Creatures
  Sigmund (D:2)
  A black bear (D:3)
  A hound (D:4)
  4 adders
  An adder skeleton (D:4)
  3 worms
  3 dart slugs
  3 orcs (D:4)
  7 endoplasms
  3 giant cockroaches
  4 goblins
  8 hobgoblins
  3 jackals (D:2)
  2 quokkas (D:1)
  4 ball pythons
  3 bats
  A frilled lizard (D:1)
  2 kobolds (D:2)
  2 rats
56 creatures vanquished.

Notes
Turn   | Place    | Note
-------+----------+-------------------------------------------
     0 | D:1      | pkoi the Minotaur Gladiator began the quest for the Orb.
     0 | D:1      | Reached XP level 1. HP: 18/18 MP: 0/0
    56 | D:1      | Reached skill level 4 in Long Blades
    75 | D:1      | Reached XP level 2. HP: 25/25 MP: 1/1
   670 | D:2      | Identified a scroll of acquirement
   670 | D:2      | Acquired a +2 pair of gloves of stealth
   730 | D:2      | Reached skill level 5 in Long Blades
   732 | D:2      | Reached XP level 3. HP: 26/30 MP: 2/2
   967 | D:2      | Noticed Sigmund
   978 | D:2      | Killed Sigmund
   979 | D:2      | Reached skill level 7 in Long Blades
   979 | D:2      | Reached XP level 4. HP: 32/37 MP: 3/3
   979 | D:2      | Reached XP level 5. HP: 36/42 MP: 4/4
  1515 | D:2      | Found a faded altar of an unknown god.
  1857 | D:3      | Noticed a black bear
  1869 | D:3      | Killed a black bear
  1870 | D:3      | Reached skill level 8 in Long Blades
  1870 | D:3      | Reached skill level 1 in Armour
  1870 | D:3      | Reached XP level 6. HP: 24/50 MP: 5/5
  2188 | D:3      | Found Acelacw's General Store.
  2742 | D:4      | Killed from afar by an orc wizard

Illustrated notes

Levels and vault maps discovered:
D:1:      dpeg_arrival_tiny_i, layout_rooms, minivault_5, minmay_misc_feat_iff,
          feat_on_display
D:2:      layout_basic, shapermc_ecumenical_altar_notcrosses, uniq_sigmund
D:3:      layout_rooms, serial_shops, shop, minmay_close_crescents
D:4:      layout_layer_cave, minmay_misc_feat_square, minmay_starry_boxes,
          uniq_ijyb, uniq_robin, uniq_pikel

Skill      XL: |  1  2  3  4  5  6 |
---------------+-------------------+-----
Long Blades    | 4 5 7 8 |  8.2
Armour         | 1 |  1.5
Fighting       | 3 |  3.1
Throwing       | |  2.0
Dodging        | |  3.7

Action                   |  1- 3 |  4- 6 || total
-------------------------+-------+-------++-------
Melee: Long sword        |    65 |    75 ||   140
       Headbutt          |     8 |    13 ||    21
  Use: Potion            |     2 |       ||     2
       Scroll            |     1 |     7 ||     8
 Stab: Sleeping          |       |     6 ||     6
Armor: Leather armour    |    27 |    35 ||    62
       Skin              |    37 |       ||    37
Dodge: Dodged            |    32 |    51 ||    83
       Rpst.: Long sword |    12 |    14 ||    26
